[Event "Titled Tuesday Blitz May 16 Early 2023"]
[White "Tarasova, Viktoriya"]
[Black "Souleidis, Georgios"]
[WhiteFideId "4175840"]
[BlackFideId "4206827"]
[WhiteElo "2182"]
[BlackElo "2401"]
[Result "1-0"]
[Round "01"]
[TimeControl "180+2"]
[Date "2023.05.16"]
[WhiteClock "0:00:11"]
[BlackClock "0:00:05"]

1. d4 Nf6 2. c4 g6 3. Nc3 Bg7 4. e4 d6 5. h3 O-O 6. Be3 Nbd7 7. Be2 c5 8. d5 b5 9. cxb5 a6 10. a4 Qa5 11. Bd2 axb5 12. Bxb5 Ba6 13. Nge2 Bxb5 14. Nxb5 Qb6 15. Nec3 Ne5 16. Qe2 Rfe8 17. O-O e6 18. dxe6 Rxe6 19. Be3 Nc6 20. Nd5 Qd8 21. Ndc7 Rxe4 22. Nxa8 Qxa8 23. Nxd6 Re6 24. Nb5 Nd5 25. Qc4 Na5 26. Qc2 Nb4 27. Qxc5 Nd3 28. Qc2 Nb4 29. Qe2 Nd5 30. Rfd1 Re7 31. Qf3 Re5 32. Rd3 Qe8 33. Rad1 Nxe3 34. fxe3 Bf8 35. Rd8 Qe6 36. Qa8 Qe7 37. R1d7 Qc5 38. Rxf8+ Qxf8 39. Rd8 Qxd8 40. Qxd8+ Kg7 41. Qxa5 Rxe3 42. Qd2 Re6 43. Qd4+ Kh6 44. a5 1-0


[Site "https://www.chess.com"]

[Event "Titled Tuesday Blitz May 16 Early 2023"]
[White "Arabidze, Meri"]
[Black "Ramirez Vido, Robert Yorisan"]
[WhiteFideId "13604040"]
[BlackFideId "3513823"]
[WhiteElo "2405"]
[BlackElo "2368"]
[Result "1-0"]
[Round "01"]
[TimeControl "180+2"]
[Date "2023.05.16"]
[WhiteClock "0:00:42"]
[BlackClock "0:00:00"]

1. d4 g6 2. e4 d6 3. Nc3 Nf6 4. Nge2 Bg7 5. g3 O-O 6. Bg2 e5 7. O-O Nc6 8. d5 Ne7 9. f4 exf4 10. Nxf4 Ng4 11. h3 Ne5 12. Nd3 f5 13. Bf4 h6 14. Nxe5 dxe5 15. Be3 Kh7 16. Qd2 fxe4 17. Rxf8 Qxf8 18. Nxe4 Nf5 19. Bf2 Nd6 20. g4 Bd7 21. Rf1 Qe7 22. b3 Rf8 23. Nxd6 Qxd6 24. Be4 Rf4 25. Qd3 c6 26. c4 cxd5 27. Qxd5 Qxd5 28. Bxd5 b6 29. a4 Bf8 30. a5 Bc5 31. Bxc5 Rxf1+ 32. Kxf1 bxc5 33. Ke2 Kg7 34. Kd3 Kf6 35. Kc3 Kg5 36. b4 cxb4+ 37. Kxb4 Kh4 38. Kc5 Kxh3 39. Kd6 Ba4 40. Be6 Kh2 41. Kxe5 h5 42. gxh5 gxh5 43. c5 h4 44. Kd6 1-0


[Site "https://www.chess.com"]

[Event "Titled Tuesday Blitz May 16 Early 2023"]
[White "Gutkin, Ilya"]
[Black "Sakun, Volodymyr"]
[WhiteFideId "16203470"]
[BlackFideId "14114062"]
[WhiteElo "2265"]
[BlackElo "2318"]
[Result "0-1"]
[Round "01"]
[TimeControl "180+2"]
[Date "2023.05.16"]
[WhiteClock "0:00:11"]
[BlackClock "0:00:40"]

1. Nf3 Nf6 2. g3 g6 3. b3 Bg7 4. Bb2 O-O 5. Bg2 d6 6. d4 a5 7. O-O a4 8. c4 Qe8 9. d5 e5 10. dxe6 fxe6 11. Na3 Qe7 12. Nb5 Nc6 13. Nfd4 Ne5 14. Qd2 c6 15. Na3 Nf7 16. h3 e5 17. Nf3 Rd8 18. Ng5 d5 19. Nxf7 Kxf7 20. cxd5 cxd5 21. Nb5 Qc5 22. Nc3 a3 23. Bc1 e4 24. Na4 Qd6 25. Qf4 b5 26. Qxd6 Rxd6 27. Nc5 Nd7 28. Nxd7 Bxa1 29. Nc5 Bb2 30. Bf4 Rc6 31. b4 Bc3 32. Nb3 Bxb4 33. f3 Rf6 34. fxe4 dxe4 35. Bxe4 Ra7 36. Bd5+ Be6 37. Bc6 Bxb3 38. axb3 a2 39. Ra1 Bc3 0-1


[Site "https://www.chess.com"]

[Event "Titled Tuesday Blitz May 16 Early 2023"]
[White "Volkov, Maksim"]
[Black "Bogaudinov, Rushan"]
[WhiteFideId "54123070"]
[BlackFideId "4129288"]
[WhiteElo "2297"]
[BlackElo "1941"]
[Result "1-0"]
[Round "01"]
[TimeControl "180+2"]
[Date "2023.05.16"]
[WhiteClock "0:00:52"]
[BlackClock "0:00:19"]

1. d4 d5 2. c4 dxc4 3. Nf3 e6 4. e3 c5 5. Bxc4 Nf6 6. O-O a6 7. Nbd2 Be7 8. dxc5 Bxc5 9. a3 b5 10. Be2 Bb7 11. b4 Be7 12. Bb2 O-O 13. Nb3 Nbd7 14. Na5 Bd5 15. Rc1 Rc8 16. Nd4 Nb6 17. Ndc6 Qd7 18. Nxe7+ Qxe7 19. Bd4 Rxc1 20. Qxc1 Rc8 21. Qa1 Nc4 22. Rc1 Ne8 23. Nxc4 bxc4 24. f3 f5 25. Bc5 Rxc5 26. bxc5 Qxc5 27. Qc3 Nd6 28. Kf2 Nb5 29. Qb4 Qxb4 30. axb4 Na3 31. Ra1 Nc2 32. Ra4 c3 33. Bd1 Bb3 34. Rxa6 f4 35. Bxc2 fxe3+ 36. Kxe3 Bxc2 37. Kd4 1-0


[Site "https://www.chess.com"]

[Event "Titled Tuesday Blitz May 16 Early 2023"]
[White "Davidson, Kevin"]
[Black "Simonian, Hrair"]
[WhiteFideId "2056810"]
[BlackFideId "13302337"]
[WhiteElo "2151"]
[BlackElo "2447"]
[Result "0-1"]
[Round "01"]
[TimeControl "180+2"]
[Date "2023.05.16"]
[WhiteClock "0:00:00"]
[BlackClock "0:00:27"]

1. e4 c6 2. d4 d5 3. e5 Bf5 4. h4 h5 5. Bg5 Qb6 6. Bd3 Qxd4 7. Nf3 Qg4 8. Bxf5 Qxf5 9. c4 e6 10. cxd5 Bb4+ 11. Nbd2 cxd5 12. O-O Nc6 13. Qb3 Rb8 14. Rac1 Nh6 15. Rxc6 bxc6 16. a3 Bd6 17. Qa4 Bxe5 18. Qxc6+ Kf8 19. Nxe5 Qxe5 20. Nf3 Qxb2 0-1


[Site "https://www.chess.com"]

[Event "Titled Tuesday Blitz May 16 Early 2023"]
[White "MKlose11"]
[Black "Hinds, Nathan"]
[BlackFideId "7400730"]
[WhiteElo "2666"]
[BlackElo "2001"]
[Result "1-0"]
[Round "01"]
[TimeControl "180+2"]
[Date "2023.05.16"]
[WhiteClock "0:00:30"]
[BlackClock "0:00:02"]

1. e4 c6 2. Nc3 d5 3. g3 dxe4 4. Nxe4 Bf5 5. Bg2 Bxe4 6. Bxe4 Nf6 7. Bg2 e6 8. d4 Be7 9. Nf3 Nbd7 10. O-O O-O 11. c3 Rc8 12. Re1 Re8 13. Qb3 Qb6 14. Be3 Nd5 15. Bd2 N5f6 16. Rad1 c5 17. Qxb6 Nxb6 18. dxc5 Bxc5 19. Ne5 Rc7 20. b3 Bd6 21. c4 Bxe5 22. Rxe5 Rd8 23. Ree1 Rcd7 24. Bf3 Nc8 25. Be3 b6 26. Rxd7 Rxd7 27. Kf1 Ne7 28. g4 h6 29. a4 Ng6 30. Be2 Ne4 31. Rd1 Rxd1+ 32. Bxd1 Nc5 33. Bc2 Ne5 34. h3 Nc6 35. Ke2 Kf8 36. Kd2 Ke7 37. Kc3 a5 38. Bd1 Kd6 39. Bf3 Ne5 40. Bg2 Nc6 41. Bf4+ e5 42. Be3 f6 43. Bf3 Ne6 44. Bxc6 Kxc6 45. b4 axb4+ 46. Kxb4 Nd8 47. a5 bxa5+ 48. Kxa5 Ne6 49. Kb4 g6 50. Bxh6 Nd4 51. Bg7 Nf3 52. Bxf6 e4 53. h4 Nd2 54. h5 gxh5 55. gxh5 Kd6 56. h6 Ke6 57. h7 Kxf6 58. h8=Q+ 1-0


[Site "https://www.chess.com"]

[Event "Titled Tuesday Blitz May 16 Early 2023"]
[White "Topalov, Aleksandar"]
[Black "Riff, Vincent"]
[WhiteFideId "925659"]
[BlackFideId "617776"]
[WhiteElo "2151"]
[BlackElo "2369"]
[Result "0-1"]
[Round "01"]
[TimeControl "180+2"]
[Date "2023.05.16"]
[WhiteClock "0:00:05"]
[BlackClock "0:01:14"]

1. b3 d5 2. Bb2 Bg4 3. g3 c6 4. Bg2 Nd7 5. Nf3 Ngf6 6. O-O e6 7. d3 Be7 8. Nbd2 O-O 9. c4 a5 10. a3 Qb6 11. Qb1 h6 12. Bc3 c5 13. h3 Bf5 14. cxd5 Nxd5 15. Bb2 Bf6 16. e4 Nc3 17. Bxc3 Bxc3 18. exf5 Bxa1 19. Qxa1 exf5 20. a4 Nf6 21. Qc3 Rad8 22. Nc4 Qc7 23. Qxa5 Qxa5 24. Nxa5 Rxd3 25. Nxb7 Rxb3 26. Nxc5 Ra3 27. Nd2 Rc8 28. Ndb3 Ne4 29. Bxe4 fxe4 30. Re1 f5 31. Rd1 g5 32. Rd5 f4 33. gxf4 gxf4 34. Re5 e3 35. fxe3 fxe3 36. Rxe3 Rxc5 37. Re8+ Kf7 38. Nxc5 Kxe8 39. Kg2 Ke7 40. Kh2 Kd6 41. Ne4+ Kd5 42. Nf6+ Ke6 43. Ng4 h5 44. Nf2 Rxa4 45. Kg3 Kf5 46. Nd1 Kg5 47. Nf2 Ra3+ 48. Kg2 Kf4 49. Kh2 Kf3 50. Nd1 Rd3 0-1


[Site "https://www.chess.com"]

[Event "Titled Tuesday Blitz May 16 Early 2023"]
[White "Itgelt, Khuyagtsogt"]
[Black "Yanayt, Eugene"]
[WhiteFideId "4902912"]
[BlackFideId "2020165"]
[WhiteElo "2227"]
[BlackElo "2083"]
[Result "1-0"]
[Round "01"]
[TimeControl "180+2"]
[Date "2023.05.16"]
[WhiteClock "0:00:05"]
[BlackClock "0:00:05"]

1. c4 e5 2. b3 Nc6 3. Bb2 f5 4. Nf3 e4 5. Nd4 Nxd4 6. Bxd4 Nf6 7. e3 Be7 8. d3 O-O 9. dxe4 fxe4 10. Be2 d5 11. O-O c6 12. cxd5 cxd5 13. Nc3 Be6 14. Qd2 Kh8 15. Rad1 Bb4 16. Qb2 Qa5 17. Na4 Rf7 18. Rc1 Raf8 19. a3 Bd6 20. Nc5 Bc8 21. b4 Qd8 22. Be5 Ng4 23. Bxg4 Bxe5 24. Qxe5 Bxg4 25. h3 Rf5 26. Qg3 Be2 27. Ne6 Qf6 28. Nxf8 Rg5 29. Nd7 Qd8 30. Qb8 1-0


[Site "https://www.chess.com"]

[Event "Titled Tuesday Blitz May 16 Early 2023"]
[White "Barbot, Pierre"]
[Black "Borgaonkar Akshay"]
[WhiteFideId "663727"]
[BlackFideId "25639110"]
[WhiteElo "2431"]
[BlackElo "2063"]
[Result "0-1"]
[Round "01"]
[TimeControl "180+2"]
[Date "2023.05.16"]
[WhiteClock "0:00:01"]
[BlackClock "0:01:32"]

1. d4 Nf6 2. Nc3 g6 3. Bf4 Bg7 4. e3 d6 5. h4 h5 6. Bd3 Nbd7 7. Nf3 c5 8. Ne4 Nxe4 9. Bxe4 c4 10. c3 Nf6 11. Bc2 d5 12. Ne5 Ng4 13. Nxg4 hxg4 14. f3 e5 15. dxe5 Rxh4 16. Kf2 Be6 17. e4 gxf3 18. Qxf3 Rxh1 19. Rxh1 Qb6+ 20. Be3 Qxb2 21. Qe2 O-O-O 22. Rb1 Qxa2 23. exd5 Bxd5 24. Qe1 Qxc2+ 25. Kg1 Qxg2# 0-1


[Site "https://www.chess.com"]

[Event "Titled Tuesday Blitz May 16 Early 2023"]
[White "Florescu, Codrut-Constantin"]
[Black "Matveeva, Olga"]
[WhiteFideId "1202200"]
[BlackFideId "24107018"]
[WhiteElo "2191"]
[BlackElo "2009"]
[Result "1-0"]
[Round "01"]
[TimeControl "180+2"]
[Date "2023.05.16"]
[WhiteClock "0:00:35"]
[BlackClock "0:00:12"]

1. c4 c5 2. g3 Nc6 3. Bg2 g6 4. Nc3 Bg7 5. Nf3 e6 6. d4 Nxd4 7. Nxd4 cxd4 8. Nb5 d5 9. Qa4 Bd7 10. Nd6+ Kf8 11. Qa3 Qe7 12. cxd5 Nf6 13. dxe6 Bxe6 14. Nxb7 Qxa3 15. bxa3 Rc8 16. Bd2 Nd5 17. Rc1 Nc3 18. Nd6 Rb8 19. e3 Ke7 20. Ne4 Nxa2 21. Rc7+ Kd8 22. Ba5 Ke8 23. O-O dxe3 24. fxe3 Be5 25. Nf6+ Kf8 26. Nd7+ Bxd7 27. Rxd7 Kg7 28. Rfxf7+ Kh6 29. Bd2 Rb1+ 30. Kf2 Rc8 31. e4+ g5 32. h4 Rc2 33. hxg5+ Kg6 34. Bh3 Rbb2 35. Bf5+ Kh5 36. Rxh7# 1-0


[Site "https://www.chess.com"]

[Event "Titled Tuesday Blitz May 16 Early 2023"]
[White "Roberz12"]
[Black "Nitish Belurkar"]
[BlackFideId "5084768"]
[WhiteElo "2353"]
[BlackElo "2352"]
[Result "0-1"]
[Round "01"]
[TimeControl "180+2"]
[Date "2023.05.16"]
[WhiteClock "0:00:20"]
[BlackClock "0:01:58"]

1. e4 d5 2. exd5 Nf6 3. Nf3 Nxd5 4. Bc4 Bf5 5. d3 e6 6. O-O Be7 7. Bd2 O-O 8. Nc3 Nb6 9. Bb3 c5 10. a4 Nc6 11. a5 Nd5 12. Ne4 Rc8 13. Ng3 Bg6 14. Re1 Bf6 15. Qc1 Qc7 16. h4 h6 17. h5 Bh7 18. Ne4 Be7 19. g3 Bf5 20. Bxh6 gxh6 21. Qxh6 f6 22. Nh4 Nd4 23. Bxd5 exd5 24. Nxf5 Nxf5 25. Qg6+ Kh8 26. Nc3 Qd7 27. Rxe7 Nxe7 28. Qh6+ Kg8 29. Re1 Rf7 30. Kg2 Re8 31. Rh1 Qf5 32. Rh4 Rg7 33. Ne2 Qg5 34. Qxg5 fxg5 35. Rg4 Nf5 36. Ng1 Kh7 37. Nf3 Kh6 38. a6 b6 39. b4 Re2 40. bxc5 Ne3+ 0-1


[Site "https://www.chess.com"]

[Event "Titled Tuesday Blitz May 16 Early 2023"]
[White "Kvaloy, Aksel Bu"]
[Black "Dishman, Stephen"]
[WhiteFideId "1528815"]
[BlackFideId "403024"]
[WhiteElo "2242"]
[BlackElo "2204"]
[Result "1-0"]
[Round "01"]
[TimeControl "180+2"]
[Date "2023.05.16"]
[WhiteClock "0:01:31"]
[BlackClock "0:00:00"]

1. e4 d6 2. d4 Nf6 3. Nc3 e5 4. Nf3 Nbd7 5. Bc4 Be7 6. O-O O-O 7. Re1 c6 8. a4 exd4 9. Nxd4 Ne5 10. Bb3 Re8 11. h3 Bd7 12. f4 Ng6 13. e5 dxe5 14. fxe5 Bc5 15. Be3 Rxe5 16. Kh1 Qe7 17. Bf2 Re8 18. Rxe5 Qxe5 19. Nf3 Qe7 20. Bxc5 Qxc5 21. Qd2 Qe3 22. Qd1 Bf5 23. a5 Ne4 24. Nxe4 Bxe4 25. a6 b6 26. Qd7 Bxf3 27. Bxf7+ Kf8 28. Qxe8+ Qxe8 29. Bxe8 Be4 30. Bxg6 Bxg6 31. c3 Ke7 32. Kg1 c5 33. Kf2 Bd3 34. Ke3 Bc4 35. b4 cxb4 36. cxb4 Bb5 37. Kd4 Kd6 38. Ra2 Ke6 39. Rc2 Kd7 40. g3 h6 41. h4 g6 42. Kd5 Bxa6 43. Ra2 Bb7+ 44. Ke5 a6 45. Kf6 Be4 46. Rxa6 Kc6 47. Ra8 Kb5 48. Rb8 Kxb4 49. Rxb6+ Kc3 50. Rb8 Kd3 51. Rh8 h5 52. Rg8 Ke3 53. Rxg6 Kf3 54. Rg5 Bd3 55. Kg7 Be4 56. Kh6 Bd3 57. Kxh5 1-0


[Site "https://www.chess.com"]

[Event "Titled Tuesday Blitz May 16 Early 2023"]
[White "Orzech, Dominik"]
[Black "Bernabeu Lopez, Carlos Javier"]
[WhiteFideId "1115065"]
[BlackFideId "2235366"]
[WhiteElo "2260"]
[BlackElo "2344"]
[Result "1-0"]
[Round "01"]
[TimeControl "180+2"]
[Date "2023.05.16"]
[WhiteClock "0:00:13"]
[BlackClock "0:00:11"]

1. d4 Nf6 2. c4 g6 3. Nf3 Bg7 4. g3 O-O 5. Bg2 d6 6. O-O Nc6 7. Nc3 Bg4 8. d5 Bxf3 9. exf3 Na5 10. Qe2 c5 11. Bd2 a6 12. f4 Rb8 13. Rfe1 Re8 14. b3 e6 15. Qd3 b5 16. dxe6 Rxe6 17. cxb5 axb5 18. Nxb5 d5 19. a4 Nc6 20. Rac1 Rxe1+ 21. Bxe1 Qb6 22. Bd2 Rd8 23. h3 Bf8 24. Kh2 h5 25. Kg1 Ne4 26. Be3 f5 27. Qc2 d4 28. Bxe4 dxe3 29. Bg2 exf2+ 30. Qxf2 Nd4 31. Qf1 Kh7 32. Qc4 Bg7 33. Kh2 h4 34. g4 Qb8 35. Rf1 Bh6 36. Qf7+ Bg7 37. gxf5 Nxf5 38. Be4 Rd2+ 39. Kg1 Qc8 40. Bxf5 gxf5 41. Qh5+ Kg8 42. Qxh4 Qe8 43. Qg3 Qe4 44. Qf3 Qc2 45. Kh1 Rh2+ 46. Kg1 Rd2 47. Kh1 Qb2 48. Qa8+ Kh7 49. Qf3 Kh6 50. Qg3 Bf6 51. Rg1 Kh5 52. Qg6+ Kh4 53. Qh6# 1-0


[Site "https://www.chess.com"]

[Event "Titled Tuesday Blitz May 16 Early 2023"]
[White "Girya, Olga"]
[Black "Fernandez Siles, Luis"]
[WhiteFideId "4195752"]
[BlackFideId "2209420"]
[WhiteElo "2263"]
[BlackElo "2195"]
[Result "1-0"]
[Round "01"]
[TimeControl "180+2"]
[Date "2023.05.16"]
[WhiteClock "0:00:54"]
[BlackClock "0:00:06"]

1. d4 Nf6 2. Nf3 g6 3. Bg5 Bg7 4. Nbd2 O-O 5. c3 d5 6. e3 b6 7. Be2 c5 8. O-O Ba6 9. Bxa6 Nxa6 10. Ne5 Nb8 11. h3 Nfd7 12. Nd3 Nc6 13. Nf3 Qe8 14. Nf4 h6 15. Bh4 g5 16. Nxd5 gxh4 17. Nc7 Qd8 18. Nxa8 Qxa8 19. Nxh4 Nf6 20. Nf5 e6 21. Nxg7 Kxg7 22. dxc5 bxc5 23. Qd6 Ne4 24. Qf4 f5 25. Rad1 Qe8 26. f3 e5 27. Qh4 Ng5 28. Rd6 Nf7 29. Qf6+ Kg8 30. Qg6+ Kh8 31. Rxc6 Rg8 32. Qf6+ Kh7 33. Re6 1-0


[Site "https://www.chess.com"]

[Event "Titled Tuesday Blitz May 16 Early 2023"]
[White "Antal, Gergely"]
[Black "Melikhov, Evgeny V."]
[WhiteFideId "717312"]
[BlackFideId "4122046"]
[WhiteElo "2471"]
[BlackElo "2158"]
[Result "0-1"]
[Round "01"]
[TimeControl "180+2"]
[Date "2023.05.16"]
[WhiteClock "0:00:14"]
[BlackClock "0:00:13"]

1. Nc3 d5 2. d4 c5 3. e3 Nc6 4. Nf3 Bg4 5. Be2 e6 6. O-O cxd4 7. Nxd4 Bxe2 8. Ncxe2 Nf6 9. Nxc6 bxc6 10. c4 Be7 11. Qa4 O-O 12. Qxc6 Rc8 13. Qa4 Rxc4 14. Qxa7 Bd6 15. Ng3 Ng4 16. h3 Nxf2 17. Kxf2 Qh4 18. Bd2 Qxg3+ 19. Kg1 Rc2 20. Rad1 Bc5 21. Qa5 Bxe3+ 22. Kh1 Bc5 23. Rf3 Qe5 24. Qb5 Qxb2 25. Qxb2 Rxb2 26. a4 Ra2 27. a5 Ra8 28. Be1 h6 29. Rb1 Ra7 30. Rc3 Bf2 31. Bxf2 Rxf2 32. Ra3 Rc2 33. Rb5 Rc6 34. Kg1 f6 35. Kf2 Kf7 36. Ke3 Ke7 37. Kd2 Kd6 38. Rb8 Rca6 39. Rb5 Kc6 40. Rab3 Rxa5 41. Rb6+ Kd7 42. Rb7+ Kd6 43. R7b6+ Kd7 44. Rb7+ Rxb7 45. Rxb7+ Kd6 46. Rxg7 Ke5 47. Rg6 Ra2+ 48. Ke3 h5 49. Kf3 d4 50. Rh6 Ra3+ 51. Kf2 f5 52. Rxh5 Ke4 53. Rh4+ f4 54. Rh8 Ra2+ 55. Kf1 Ke3 56. g4 f3 57. Kg1 Ra1+ 58. Kh2 f2 59. Rf8 f1=Q 60. Rxf1 Rxf1 61. g5 d3 62. g6 Rf6 63. g7 Rg6 64. h4 Rxg7 65. h5 Kf3 66. h6 Rh7 67. Kg1 Rxh6 68. Kf1 Rh1# 0-1


[Site "https://www.chess.com"]

[Event "Titled Tuesday Blitz May 16 Early 2023"]
[White "Fan_Of_Chucky"]
[Black "Di Nicolantonio, Lucas"]
[BlackFideId "680460"]
[WhiteElo "2341"]
[BlackElo "2358"]
[Result "1-0"]
[Round "01"]
[TimeControl "180+2"]
[Date "2023.05.16"]
[WhiteClock "0:00:40"]
[BlackClock "0:00:41"]

1. d4 g6 2. c4 Bg7 3. Nf3 d6 4. g3 f5 5. Bg2 Nf6 6. O-O O-O 7. Nc3 Nc6 8. b3 e5 9. dxe5 dxe5 10. Qxd8 Rxd8 11. e4 Nd4 12. Nxd4 exd4 13. Nb5 fxe4 14. Nxc7 Rb8 15. Bg5 Bf5 16. Rae1 d3 17. f3 Rd7 18. fxe4 Nxe4 19. Bxe4 Bd4+ 20. Kg2 Rxc7 21. Bxf5 gxf5 22. Rxf5 Rf8 23. Rxf8+ Kxf8 24. Rd1 Rf7 25. Bf4 Re7 26. Bd6 Bf6 1-0


[Site "https://www.chess.com"]

[Event "Titled Tuesday Blitz May 16 Early 2023"]
[White "Camilla_Lee"]
[Black "Skaric, Djuro"]
[BlackFideId "934569"]
[WhiteElo "2643"]
[BlackElo "2282"]
[Result "0-1"]
[Round "01"]
[TimeControl "180+2"]
[Date "2023.05.16"]
[WhiteClock "0:00:00"]
[BlackClock "0:00:12"]

1. e4 d6 2. d4 g6 3. Nc3 Bg7 4. f4 Nf6 5. Nf3 Nc6 6. d5 Nb8 7. e5 Nfd7 8. Qe2 dxe5 9. fxe5 Nb6 10. Qe4 O-O 11. g4 c6 12. dxc6 Nxc6 13. Bf4 Be6 14. Rd1 Qc8 15. h3 Na5 16. Bb5 Nac4 17. Bc1 a6 18. Bxc4 Nxc4 19. O-O Qc5+ 20. Kg2 b5 21. a3 Rac8 22. Rfe1 Nxa3 23. Be3 Qc7 24. Nd4 Nc4 25. Nxe6 fxe6 26. Bc1 b4 27. Na4 Nxe5 28. Re2 Qc6 29. Qxc6 Rxc6 30. Be3 Rfc8 31. c3 b3 32. Bd4 Nc4 33. Bxg7 Kxg7 34. Rd7 Kf7 35. Rb7 Na5 36. Rf2+ Ke8 37. Re2 R8c7 38. Rb8+ Kd7 39. Rd2+ Rd6 40. Nb6+ Kc6 41. Rxd6+ exd6 42. Nc8 d5 43. Kf3 e5 44. Ke2 e4 45. Nb6 Rf7 46. Ke3 Rf3+ 47. Kd4 Rd3+ 48. Ke5 e3 49. Kf6 e2 50. Re8 Rd2 51. Na4 Nc4 52. Kg5 Nxb2 53. Re6+ Kb5 54. Nb6 Nc4 55. Nc8 b2 56. Na7+ Ka4 57. Rxa6+ Kb3 58. Nc6 Kxc3 59. Ra3+ Nxa3 0-1


[Site "https://www.chess.com"]

[Event "Titled Tuesday Blitz May 16 Early 2023"]
[White "Ansh M Shah"]
[Black "Colas, Joshua"]
[WhiteFideId "25033379"]
[BlackFideId "2044447"]
[WhiteElo "2084"]
[BlackElo "2347"]
[Result "0-1"]
[Round "01"]
[TimeControl "180+2"]
[Date "2023.05.16"]
[WhiteClock "0:00:00"]
[BlackClock "0:00:07"]

1. d4 d5 2. c4 e6 3. g3 Nf6 4. Bg2 Be7 5. Nf3 O-O 6. O-O dxc4 7. Qc2 a6 8. a4 Bd7 9. Qxc4 Bc6 10. Bg5 Nbd7 11. Nc3 h6 12. Bxf6 Nxf6 13. Rfd1 Re8 14. Rac1 a5 15. Nb5 Bb4 16. Ne5 Bxg2 17. Kxg2 c6 18. Nc3 Nd5 19. Nxd5 Qxd5+ 20. Qxd5 exd5 21. e3 Ra6 22. Rc2 Bd6 23. Nd3 Rb6 24. Rb1 Ra8 25. Kf1 Raa6 26. b3 Ra8 27. Ke2 Rb8 28. h3 Ra6 29. Nc5 Ra7 30. Nd7 Rd8 31. Nc5 Kf8 32. Kf3 h5 33. Ke2 Ke7 34. Kd3 f5 35. Ke2 h4 36. gxh4 Rh8 37. b4 Rxh4 38. bxa5 Bxc5 39. Rxc5 Rxh3 40. a6 Rxa6 41. Rxb7+ Kf8 42. a5 Rh1 43. Rb6 Rxb6 44. axb6 Rb1 45. Rxc6 Ke7 46. Rc7+ Kf6 47. b7 g5 48. Kf3 Rb2 49. Rc6+ Kg7 50. Rc7+ Kf6 51. Rc6+ Kg7 52. Rc5 Rxb7 53. Rxd5 Kf6 54. Rd6+ Kf7 55. Ra6 Rb2 56. Ra5 Kf6 57. Kg2 Rd2 58. Rb5 Ke6 59. Rc5 Kf6 60. Kf1 f4 61. Ke1 Ra2 62. e4 Rb2 63. f3 Kg6 64. d5 Kf6 65. Rc6+ Ke5 66. Rc4 g4 67. fxg4 f3 68. g5 Re2+ 69. Kf1 Rg2 70. Rc3 Kxe4 71. d6 Rxg5 72. d7 Rd5 73. Rc4+ Ke3 74. Rc3+ Kf4 75. Rc4+ Kg3 76. Rc1 Rxd7 77. Kg1 Rh7 78. Rc3 Ra7 79. Rc1 Ra2 80. Rd1 Rh2 81. Rd3 Rg2+ 82. Kh1 Ra2 83. Rd1 Kf2 84. Rc1 Ra7 85. Rc2+ Kg3 86. Rc1 Rh7+ 87. Kg1 f2+ 88. Kf1 Rh1+ 89. Ke2 Rxc1 0-1


[Site "https://www.chess.com"]

[Event "Titled Tuesday Blitz May 16 Early 2023"]
[White "Batchuluun, Tsegmed"]
[Black "Korpics, Zsolt"]
[WhiteFideId "4900847"]
[BlackFideId "705241"]
[WhiteElo "2386"]
[BlackElo "2340"]
[Result "1-0"]
[Round "01"]
[TimeControl "180+2"]
[Date "2023.05.16"]
[WhiteClock "0:02:00"]
[BlackClock "0:00:07"]

1. d4 Nf6 2. c4 e6 3. Nc3 Bb4 4. e3 O-O 5. Bd3 c5 6. Nf3 d5 7. O-O cxd4 8. exd4 dxc4 9. Bxc4 b6 10. Qe2 Bxc3 11. bxc3 Bb7 12. Bg5 Nbd7 13. Rac1 Qc7 14. Bd3 h6 15. Bh4 Qc6 16. c4 Rfe8 17. Rfe1 Rac8 18. c5 bxc5 19. Bxf6 gxf6 20. Bb5 Qc7 21. dxc5 Qd8 22. c6 Bxc6 23. Rxc6 Qa5 24. Rxc8 Rxc8 25. Bxd7 Rd8 26. Bb5 a6 27. Bxa6 e5 28. Bc4 Qb4 29. g3 Rc8 30. Bb3 Rd8 31. Qe4 Kf8 32. Qxb4+ 1-0


[Site "https://www.chess.com"]

[Event "Titled Tuesday Blitz May 16 Early 2023"]
[White "Fajdetic, Hrvoje"]
[Black "Skliarov, Viktor"]
[WhiteFideId "14501945"]
[BlackFideId "14106736"]
[WhiteElo "2185"]
[BlackElo "2317"]
[Result "0-1"]
[Round "01"]
[TimeControl "180+2"]
[Date "2023.05.16"]
[WhiteClock "0:00:00"]
[BlackClock "0:00:07"]

1. d4 Nf6 2. Bf4 g6 3. Nc3 Bg7 4. e4 d6 5. Qd2 c6 6. O-O-O b5 7. f3 Qa5 8. Kb1 Be6 9. d5 cxd5 10. exd5 b4 11. dxe6 bxc3 12. exf7+ Kxf7 13. Qxc3 Qxc3 14. bxc3 Rc8 15. c4 Nc6 16. Nh3 h6 17. Nf2 Rab8+ 18. Kc1 Nh5 19. Nd3 Nxf4 20. Nxf4 Rb2 21. Bd3 g5 22. Nd5 Rxa2 23. Rdf1 Ne5 24. Kd2 Nxc4+ 25. Bxc4 Rxc4 26. Ne3 Rd4+ 27. Ke2 Rb4 28. Rb1 Rxb1 29. Rxb1 a5 30. Rb7 Ke6 31. g4 a4 32. Nf5 Bf6 33. Kd3 a3 34. c3 Rxh2 35. Ra7 a2 36. Nd4+ Kf7 37. Nf5 Kg6 0-1


[Site "https://www.chess.com"]

[Event "Titled Tuesday Blitz May 16 Early 2023"]
[White "Domingo Nunez, Ruben"]
[Black "Peatman, Carter"]
[WhiteFideId "22245570"]
[BlackFideId "2096480"]
[WhiteElo "2404"]
[BlackElo "2003"]
[Result "1-0"]
[Round "01"]
[TimeControl "180+2"]
[Date "2023.05.16"]
[WhiteClock "0:01:08"]
[BlackClock "0:00:22"]

1. b3 d5 2. Bb2 Bf5 3. Nf3 e6 4. e3 Nf6 5. Be2 c6 6. O-O h6 7. c4 Bh7 8. d4 Bd6 9. h3 O-O 10. Nc3 Nbd7 11. Rc1 a5 12. Na4 Ne4 13. Bd3 f5 14. Ne5 Nxe5 15. dxe5 Bc7 16. cxd5 exd5 17. f4 Re8 18. Bd4 Qh4 19. Nc5 Nxc5 20. Rxc5 Qe7 21. Rc1 a4 22. bxa4 Qb4 23. Rb1 Qxa4 24. Rxb7 Bd8 25. Qh5 Be7 26. Bxf5 Bxf5 27. Qxf5 c5 28. Bb2 Qc6 29. e6 d4 30. Qf7+ Kh8 31. Rxe7 Rf8 32. Qxg7# 1-0


[Site "https://www.chess.com"]

[Event "Titled Tuesday Blitz May 16 Early 2023"]
[White "Buchenau, Frank"]
[Black "Lewicki, Miroslaw"]
[WhiteFideId "4604350"]
[BlackFideId "1113380"]
[WhiteElo "2157"]
[BlackElo "2212"]
[Result "0-1"]
[Round "01"]
[TimeControl "180+2"]
[Date "2023.05.16"]
[WhiteClock "0:00:00"]
[BlackClock "0:00:06"]

1. e4 b6 2. d4 Bb7 3. Bd3 Nf6 4. Qe2 e6 5. Nf3 c5 6. c3 cxd4 7. cxd4 Bb4+ 8. Nc3 d5 9. Bg5 Qc8 10. Bxf6 Bxc3+ 11. Kf1 dxe4 12. Bxe4 Ba6 13. Bd3 Bxb2 14. Bb5+ Kf8 15. Bxg7+ Kxg7 16. Qxb2 Bxb5+ 17. Qxb5 Qa6 18. a4 Rd8 19. g3 Rd5 20. Qxa6 Nxa6 21. Kg2 Nb4 22. Rhc1 Rad8 23. Rc7 R8d7 24. Rac1 Kf6 25. Rxd7 Rxd7 26. Rc4 a5 27. Rc8 Kf5 28. Rb8 Rd6 29. Kf1 Ke4 30. Ke2 Nc6 31. Rb7 f5 32. Rxh7 Nxd4+ 33. Nxd4 Rxd4 34. Rb7 Rb4 35. h4 f4 36. gxf4 Kxf4 37. h5 Kg5 38. Re7 Kf6 39. Rb7 Kg5 40. Re7 Kxh5 41. Rxe6 Kg4 42. Re5 Rxa4 43. Rb5 Ra2+ 44. Ke3 Ra3+ 45. Ke2 Ra2+ 46. Ke3 a4 47. Rxb6 a3 48. f4 Ra1 49. Ra6 a2 50. Rg6+ Kf5 51. Rg5+ Kf6 0-1


[Site "https://www.chess.com"]

[Event "Titled Tuesday Blitz May 16 Early 2023"]
[White "Alex_Sahakyan2006"]
[Black "Prieto Aranguren, Alain"]
[BlackFideId "2268906"]
[WhiteElo "2630"]
[BlackElo "2209"]
[Result "1-0"]
[Round "01"]
[TimeControl "180+2"]
[Date "2023.05.16"]
[WhiteClock "0:01:38"]
[BlackClock "0:01:48"]

1. d4 d5 2. Nf3 Nf6 3. Bf4 e6 4. e3 c5 5. Nbd2 Nc6 6. c3 Bd6 7. Bg3 O-O 8. Bd3 b6 9. Ne5 Bb7 10. f4 Rc8 11. O-O Qe7 12. Bh4 Qc7 13. Bxf6 gxf6 14. Qh5 f5 15. Qg5+ Kh8 16. Qf6+ Kg8 17. Nxc6 Bxc6 18. Qg5+ Kh8 19. Qf6+ Kg8 20. Rf3 Rfd8 21. Qh6 Kh8 22. Rg3 1-0


[Site "https://www.chess.com"]